 Dungeon Crawl Stone Soup version 0.30-a0-857-gcaf70739d4 (webtiles) character file.

Game seed: 16470137717168741954

1376 oldriver the Chopper (level 8, -1/57 HPs)
             Began as a Gargoyle Chaos Knight on Mar 6, 2023.
             Was a Plaything of Xom.
             Slain by a wight
             ... wielding a +4 battleaxe of freezing
              (4 damage)
             ... on level 6 of the Dungeon on Mar 7, 2023.
             The game lasted 00:06:30 (4181 turns).

oldriver the Chopper (Gargoyle Chaos Knight)        Turns: 4181, Time: 00:06:31

Health: -1/57      AC: 13    Str: 17    XL:     8   Next: 66%
Magic:  8/8        EV: 10    Int: 18    God:    Xom [.*....]
Gold:   304        SH:  4    Dex:  9    Spells: 7/7 levels left

rFire   + . .      SeeInvis .    a - +1 hand axe (chaos)
rCold   . . .      Faith    .    n - +0 buckler
rNeg    + . .      Spirit   .    B - +3 leather armour {rF+}
rPois   ∞          Reflect  .    (helmet restricted)
rElec   +          Rampage  .    l - +2 cloak
rCorr   +                        (no gloves)
Will    .....                    (no boots)
Stlth   +                        o - amulet of regeneration
HPRegen 1.09/turn                d - ring of resist corrosion
MPRegen 0.11/turn                i - +6 ring of intelligence

@: no status effects
A: sickness immunity, AC +5, negative energy resistance 1, electricity
resistance, torment resistance 1, petrification resistance, antennae 1, deformed
body, dopey 1, high MP 1, robust 1
a: Renounce Religion


You were on level 6 of the Dungeon.
You worshipped Xom.
You were a plaything of Xom.
You visited 1 branch of the dungeon, and saw 6 of its levels.

You collected 304 gold pieces.

Inventory:

Hand Weapons
 a - a +1 hand axe of chaos (weapon)
 j - a +2 quarterstaff of chaos
 t - a +3 hammer
 A - a +2 flail of venom
Missiles
 r - 3 poisoned darts
 x - a throwing net
Armour
 l - a +2 cloak (worn)
 n - a +0 buckler (worn)
 B - a +3 leather armour of fire resistance (worn)
Jewellery
 d - a ring of resist corrosion (left hand)
 i - a +6 ring of intelligence (right hand)
 o - an amulet of regeneration (around neck)
 q - a ring of fire
Wands
 w - a wand of paralysis (5)
 z - a wand of flame (6)
Scrolls
 e - 3 scrolls of blinking
 h - 2 scrolls of torment
 k - 3 scrolls of identify
 v - a scroll of vulnerability
 y - a scroll of immolation {unknown}
Potions
 f - a potion of cancellation
 g - 2 potions of invisibility
 m - a potion of haste {unknown}
 p - 2 potions of heal wounds
 s - a potion of magic {unknown}
 u - a potion of flight
Miscellaneous
 c - a piece from Xom's chessboard (inert) (quivered)


   Skills:
 + Level 6.9 Fighting
 * Level 7.8 Axes
 + Level 3.4 Armour
 - Level 1.0 Dodging
 + Level 2.3 Shields


You had 7 spell levels left.
You didn't know any spells.
Your spell library contained the following spells:

 Spells                   Type           Power      Damage    Failure   Level
 Beastly Appendage        Tmut           0%         N/A       34%         1
 Freeze                   Ice            0%         1d3       34%         1
 Sandblast                Erth           0%         2d4       34%         1
 Blink                    Tloc           0%         N/A       47%         2
 Lesser Beckoning         Tloc           0%         N/A       47%         2
 Momentum Strike          Conj/Tloc      0%         3d8       47%         2
 Passwall                 Tmut/Erth      0%         N/A       47%         2
 Wereblood                Tmut           0%         N/A       47%         2
 Frozen Ramparts          Ice            0%         1d1       71%         3
 Gell's Gravitas          Tloc           0%         N/A       71%         3
 Hailstorm                Conj/Ice       0%         3d3       71%         3
 Spider Form              Tmut/Pois      0%         N/A       71%         3
 Stone Arrow              Conj/Erth      0%         3d7       71%         3
 Teleport Other           Tloc           0%         N/A       71%         3
 Manifold Assault         Tloc           0%         N/A       98%         4
 Dispersal                Tloc           0%         N/A       100%        6
 Storm Form               Tmut/Air       0%         N/A       100%        7


Dungeon Overview and Level Annotations

Branches:
Dungeon (6/15)             Temple (0/1) D:5

Altars:
Dithmenos
Hepliaklqana
Xom


Innate Abilities, Weirdness & Mutations

You are immune to sickness and miasma.
Your stone body is resilient. (AC +5)
You are immune to poison.
You resist negative energy. (rN+)
You are resistant to electric shocks. (rElec)
You are resistant to unholy torment.
You are immune to petrification.
You have a pair of small antennae on your head.
Armour fits poorly on your strangely shaped body.
You are dopey. (Int -2)
You have an increased reservoir of magic. (+10% MP)
You are robust. (+10% HP)


Message History

You kill the bullfrog!
You closely miss the wight. You hit the scorpion. You burn the scorpion.
The scorpion stings you but does no damage.
The wight hits you with a +0 battleaxe.
You hit the scorpion. You freeze the scorpion.
You kill the scorpion!
You completely miss the wight. The wight misses you.
You barely miss the wight. x2
You hit the wight but do no damage. x2; The wight easily resists.
The wight closely misses you. The wight hits you with a +0 battleaxe!
You are too injured to fight recklessly!
There are monsters nearby!
You are too injured to fight recklessly!
You are too injured to fight recklessly!
You are too injured to fight recklessly!
Okay, then.
Unknown command.
You make a move on Xom's chessboard...
The wight is unaffected.
The wight hits you but does no damage.
You make a move on Xom's chessboard...
The wight resists with some effort.
The wight hits you with a +4 battleaxe of freezing.
The wight freezes you.
You make a move on Xom's chessboard...
The wight resists with some effort.
The wight closely misses you.
You make a move on Xom's chessboard...
The wight appears confused.
The wight hits you with a +4 battleaxe of freezing!
The wight freezes you. The wight hits you but does no damage.
The wight hits you with a +0 battleaxe!
* * * LOW HITPOINT WARNING * * *
You make a move on Xom's chessboard...
The wight seems to grow stronger.
The chess piece greys!
The wight closely misses you.
The wight barely misses the wight.
The wight barely misses you.
You hit the wight.
The wight is lightly damaged.
You hit the wight but do no damage. You hit the wight.
The wight convulses.
The wight hits you with a +4 battleaxe of freezing!
* * * LOW HITPOINT WARNING * * *
The wight freezes you.
You die...
Xom howls with laughter!

....# ..) o o ....##
... #. o K ..... ...
... h S ....###.###.##
K #....#⌠#...!.. K
#...###...#..
#.zz...#...#
...##z@#........ S F
...(.............
.....####........ s
..................
....#####.........+ (
..#. ###..........#
>....#............###
o
...................###
oo
......................


You could see 3 wights.

Vanquished Creatures
  Eustachio (D:4)
  Edmund (D:6)
  2 black bears (D:4)
  An ogre (D:4)
  A bullfrog (D:6)
  2 scorpions
  A crimson imp (D:5)
  An orc priest (D:4)
  4 hounds
  A jelly (D:5)
  A sleepcap (D:6)
  2 gnoll boudas (D:4)
  Ijyb (D:5)
  An iguana (D:4)
  3 orc wizards
  8 adders
  7 gnolls
  2 white imps (D:5)
  A worm (D:2)
  5 dart slugs
  6 orcs
  3 bats
  4 endoplasms
  2 giant cockroaches
  4 goblins
  5 hobgoblins
  8 jackals
  6 kobolds
  2 quokkas (D:1)
  7 ball pythons
  3 rats
96 creatures vanquished.

Vanquished Creatures (collateral kills)
  Crazy Yiuf (D:3)
1 creature vanquished.

Grand Total: 97 creatures vanquished

Notes
Turn   | Place    | Note
-------+----------+-------------------------------------------
     0 | D:1      | oldriver the Gargoyle Chaos Knight began the quest for the
                  | Orb.
     0 | D:1      | Reached XP level 1. HP: 14/14 MP: 1/1
   187 | D:1      | Reached skill level 3 in Axes
   187 | D:1      | Reached XP level 2. HP: 9/19 MP: 2/2
   571 | D:1      | XOM: divination: detect creatures
   649 | D:2      | Reached XP level 3. HP: 24/24 MP: 3/3
   936 | D:2      | Reached XP level 4. HP: 28/29 MP: 4/4
   982 | D:2      | Reached skill level 4 in Axes
  1220 | D:2      | XOM: silly message
  1347 | D:2      | XOM: silly message
  1407 | D:2      | XOM: give mutation
  1407 | D:2      | Gained mutation: You have an increased reservoir of magic.
                  | (+10% MP) [Xom's grace]
  1424 | D:2      | XOM: cloud trail
  1513 | D:2      | XOM is BORED!
  1761 | D:3      | Found a hazy altar of Hepliaklqana.
  1858 | D:3      | Found a shimmering altar of Xom.
  1873 | D:3      | XOM: potion effect (heal wounds)
  1881 | D:3      | XOM: cleaving
  1883 | D:3      | Reached XP level 5. HP: 34/34 MP: 5/5
  2014 | D:3      | Found a shadowy altar of Dithmenos.
  2014 | D:3      | Noticed a shadow
  2037 | D:3      | Found a runed translucent door.
  2038 | D:3      | Noticed Crazy Yiuf
  2219 | D:3      | XOM: butterfly on damage
  2222 | D:3      | Paralysed by Crazy Yiuf for 5 turns
  2225 | D:3      | XOM: summons 2 friendly demons
  2226 | D:3      | HP: 1/34 [Crazy Yiuf/+2 quarterstaff of chaos (5)]
  2228 | D:3      | Killed Crazy Yiuf
  2272 | D:4      | Noticed a black bear
  2272 | D:4      | XOM: give mutations
  2272 | D:4      | Gained mutation: You have a pair of small antennae on your
                  | head. [Xom's grace]
  2272 | D:4      | Gained mutation: You are robust. (+10% HP) [Xom's grace]
  2292 | D:4      | Killed a black bear
  2293 | D:4      | Reached skill level 5 in Fighting
  2293 | D:4      | Reached skill level 5 in Axes
  2293 | D:4      | Reached XP level 6. HP: 39/44 MP: 6/6
  2409 | D:4      | XOM: scenery: summon butterflies
  2469 | D:4      | XOM: fog
  2494 | D:4      | Reached XP level 7. HP: 23/48 MP: 7/7
  2498 | D:4      | Reached skill level 6 in Axes
  2608 | D:4      | XOM: 1-stop teleportation journey
  2680 | D:4      | Noticed Eustachio
  2708 | D:4      | Killed Eustachio
  2868 | D:4      | Reached skill level 7 in Axes
  2903 | D:4      | XOM: give mutations
  2903 | D:4      | Gained mutation: You are weak. (Str -2) [Xom's mischief]
  2903 | D:4      | Gained mutation: Armour fits poorly on your strangely
                  | shaped body. [Xom's mischief]
  2903 | D:4      | Gained mutation: You are dopey. (Int -2) [Xom's mischief]
  2903 | D:4      | Lost mutation: You are weak. (Str -2) [Xom's mischief]
  2974 | D:5      | Entered Level 5 of the Dungeon
  3188 | D:5      | Reached XP level 8. HP: 35/57 MP: 8/8
  3290 | D:5      | XOM: noise
  3394 | D:5      | Reached skill level 1 in Dodging
  3408 | D:5      | Found a staircase to the Ecumenical Temple.
  3699 | D:5      | Noticed Ijyb
  3713 | D:5      | XOM: silly message
  3714 | D:5      | Killed Ijyb
  3782 | D:5      | XOM: divination: detect creatures
  3789 | D:5      | XOM: enchant monster (bad)
  3808 | D:5      | Reached skill level 1 in Shields
  4019 | D:6      | Noticed Edmund
  4032 | D:6      | XOM: confuse monster(s)
  4051 | D:6      | Killed Edmund
  4084 | D:6      | XOM: divination: detect creatures
  4164 | D:6      | XOM: blink monster(s)
  4181 | D:6      | Slain by a wight

Illustrated notes

Levels and vault maps discovered:
D:1:      dpeg_arrival_tiny_d, layout_loops_ring
D:2:      layout_basic, chequers_serial_rivers_micro_a
D:3:      layout_rooms, riverfiend_overflow_shadow_ancestor, xom_teletrap_fun,
          uniq_crazy_yiuf_cottage
D:4:      layout_rooms, nrook_uturn, uniq_eustachio
D:5:      layout_basic, temple_hall, hangedman_abyss_or_decor_lesser_grid,
          minmay_fire_ice_demons, uniq_ijyb
D:6:      layout_rooms, nicolae_uskayaw_en_pointe, nicolae_fountain_basement,
          uniq_edmund

Skill      XL: |  1  2  3  4  5  6  7  8 |
---------------+-------------------------+-----
Axes           | 3 4 5 7 |  7.8
Fighting       | 4 5 6 |  6.9
Dodging        | 1 |  1.0
Shields        | 2 |  2.3
Armour         | 3 |  3.4

Action                     |  1- 3 |  4- 6 |  7- 9 || total
---------------------------+-------+-------+-------++-------
  Melee: Hand axe          |    69 |   144 |   224 ||   437
         Punch             |     1 |     2 |     1 ||     4
  Evoke: Piece from Xom's  |       |    13 |    11 ||    24
    Use: Scroll            |       |     5 |     9 ||    14
         Potion            |       |     3 |       ||     3
   Stab: Paralysed         |     2 |     2 |     3 ||     7
         Petrified         |       |    12 |       ||    12
         Confused          |       |       |     1 ||     1
 Armour: Leather armour    |    32 |    68 |   109 ||   209
  Dodge: Dodged            |    44 |    97 |   141 ||   282
  Block: Buckler           |       |       |    18 ||    18

Table legend: (Time is in decaauts)
 A = Elapsed time spent in this place.
 B = Non-inter-level travel time spent in this place.
 C = Inter-level travel time spent in this place.
 D = Time resting spent in this place.
 E = Time spent auto-exploring this place.
 F = Levels seen in this place.
 G = Mean time per level.
                   A        B        C        D        E       F      G
               +--------+--------+--------+--------+--------+-----+--------+
         Total |   4204 |   3996 |    208 |     39 |   3010 |   6 |  700.7 |
       Dungeon |   4204 |   3996 |    208 |     39 |   3010 |   6 |  700.7 |
               +--------+--------+--------+--------+--------+-----+--------+

Top non-repeatable levels by time:
     D:5: 967 daAuts
     D:2: 879 daAuts
     D:3: 757 daAuts
     D:4: 750 daAuts
     D:1: 649 daAuts
     D:6: 200 daAuts
